 Dungeon Crawl Stone Soup version 0.27.1 (webtiles) character file.

Game seed: 17167468743766046318

25 MajorAdolf the Conjurer (level 3, -3/31 HPs)
             Began as a Naga Wanderer on Aug 25, 2021.
             Slain by Robin (6 damage)
             ... on level 2 of the Dungeon.
             The game lasted 00:03:48 (2355 turns).

MajorAdolf the Conjurer (Naga Wanderer)             Turns: 2355, Time: 00:03:49

Health: -3/31      AC:  6    Str: 12    XL:     3   Next: 6%
Magic:  3/3        EV: -1    Int: 13    God:
Gold:   62         SH:  7    Dex: 12    Spells: 1/2 levels left

rFire    . . .     SeeInvis +   d - +0 dagger
rCold    . . .     Faith    .   c - +0 kite shield
rNeg     . . .     Spirit   .   h - +0 plate armour
rPois    +         Reflect  .   (no helmet)
rElec    .         Harm     .   (no cloak)
rCorr    .         Rampage  .   (no gloves)
Will     .....                  (no barding)
Stlth    ..........             (no amulet)
HPRegen  0.10/turn              (no ring)
MPRegen  0.08/turn              (no ring)

@: very slightly contaminated, invisible, very slow
A: AC +1, large, see invisible, deformed body, poison resistance, slowness 2,
spit poison 1, naga tail 1
a: Spit Poison


You were on level 2 of the Dungeon.
You visited 1 branch of the dungeon, and saw 2 of its levels.

You collected 62 gold pieces.

Inventory:

Hand Weapons
 a - a +0 club
 d - a +0 dagger (weapon)
Armour
 b - a +0 robe
 c - a +0 kite shield (worn)
 h - a +0 plate armour (worn)
Scrolls
 e - a scroll of blinking {unknown}
 g - a scroll of identify {unknown}
 i - a scroll of silence {unknown}


   Skills:
 - Level 1.0 Fighting
 - Level 2.0 Short Blades
 - Level 0.2 Maces & Flails
 - Level 1.1 Dodging
 - Level 1.5 Stealth
 - Level 1.0 Shields
 - Level 2.1 Conjurations
 + Level 1.2 Hexes
 + Level 1.9 Summonings
 - Level 1.0 Evocations


You had one spell level left.
You knew the following spells:

 Your Spells              Type           Power      Damage    Failure   Level
a - Summon Small Mammal   Summ           20%        N/A       100%        1

Your spell library contained the following spells:

 Spells                   Type           Power      Damage    Failure   Level
 Summon Guardian Golem    Hex/Summ       4%         N/A       100%        3


Dungeon Overview and Level Annotations

Branches:
Dungeon (2/15)

Altars:

Annotations:
D:2 Robin


Innate Abilities, Weirdness & Mutations

Your serpentine skin is tough. (AC +1)
You have supernaturally acute eyesight. (SInv)
Armour fits poorly on your strangely shaped body.
Your system is resistant to poisons. (rPois)
You cover ground very slowly.
You can spit poison.
You have a snake-like lower body.


Message History

You have got your breath back.
Robin hits you with a +0 mace.
Press: ? - help, Shift-Dir - straight line, f/p - Robin
Aim: Robin, wielding a +0 mace, wearing a +0 animal skin and wearing a +0 helmet (moderately wounded)
The splash of poison hits Robin.
Robin is poisoned.
Robin is heavily wounded.
You block Robin's attack.
Unknown command.
You hit Robin.
Robin is severely wounded.
Robin hits you with a +0 mace.
You closely miss Robin.
Robin is severely wounded.
Robin hits you with a +0 mace.
You hit Robin but do no damage.
Robin is severely wounded.
You have got your breath back.
Robin hits you but does no damage.
Okay, then.
The goblin shouts!
You hit Robin but do no damage.
Robin is severely wounded.
You hear a shout! x2
Robin roars a battlecry!
The goblin goes into a battle-frenzy!
A hobgoblin comes into view.
Robin hits you with a +0 mace.
* * * LOW HITPOINT WARNING * * *
A goblin comes into view. It is wielding a +0 club.
The hobgoblin shouts!
It was a potion of invisibility.
You fade into invisibility!
Robin hits you with a +0 mace.
* * * LOW HITPOINT WARNING * * *
You are very lightly contaminated with residual magic.
Unknown command.
You closely miss Robin.
Robin is almost dead.
Robin hits you with a +0 mace.
You die...

##### ......
#.##...# ....# ....
#..#.#†# ....# .!.#
####.#.# ....# #..#
#.#)# ....# #.># #
..#.# ....# #†.#.#
#####.# .####
#....# #.....# .#
###K#########g#####
.# #...#.g)g.g@.)#
.# #.#.#g#########
.#####.....#
.'......####
.######.# ........#
.######## ##


You could see Robin (poisoned), a hobgoblin and 3 goblins.

Vanquished Creatures
  A dart slug (D:2)
  3 giant cockroaches
  2 goblins (D:1)
  3 jackals (D:2)
  2 quokkas (D:1)
  4 frilled lizards
  3 kobolds
  3 rats (D:1)
21 creatures vanquished.

Vanquished Creatures (collateral kills)
  A hobgoblin (D:1)
  A bat (D:2)
  A kobold (D:1)
3 creatures vanquished.

Grand Total: 24 creatures vanquished

Notes
Turn   | Place    | Note
-------+----------+-------------------------------------------
     0 | D:1      | MajorAdolf the Naga Wanderer began the quest for the Orb.
     0 | D:1      | MajorAdolf set off with the following items: a +0 club, a
                  | +0 robe, a +0 kite shield; and the following spell
                  | memorised: Summon Small Mammal; and the following spells
                  | available to memorise: Summon Guardian Golem
     0 | D:1      | Reached XP level 1. HP: 18/18 MP: 1/1
   899 | D:1      | Reached XP level 2. HP: 21/25 MP: 0/2
  1841 | D:2      | Noticed Robin
  1870 | D:1      | Reached skill level 1 in Hexes
  2204 | D:2      | Reached XP level 3. HP: 27/31 MP: 3/3
  2355 | D:2      | Slain by Robin

Illustrated notes

Levels and vault maps discovered:
D:1:      eino_arrival_cavern_a, layout_rooms
D:2:      layout_basic, uniq_robin

Skill      XL: |  1  2 |
---------------+-------+-----
Hexes          | 1 |  1.2
Fighting       | |  1.0
Short Blades   | |  2.0
Maces & Flails | |  0.2
Dodging        | |  1.1
Stealth        | |  1.5
Shields        | |  1.0
Conjurations   | |  2.1
Summonings     | |  1.9
Evocations     | |  1.0

Action                   || total
-------------------------++-------
Melee: Club              ||    16
       Dagger            ||    55
 Cast: Summon Small Mamm ||     9
 Abil: Spit Poison       ||    17
  Use: Potion            ||     1
 Stab: Sleeping          ||     1
Armor: Robe              ||    10
       Plate armour      ||    16
Dodge: Dodged            ||    26
Block: Kite shield       ||    19
